Map: Acropolis LE

Players

Silky

  • Race: Zerg Zerg
  • Spawn Location: 5:00

ShaDoWn - Winner!

  • Race: Protoss Protoss
  • Spawn Location: 11:00

VOD

Have the link to the VOD?

Description

Time

  • Played on: Sept. 6, 2019, 6:29 p.m.
  • Length: 37:05
Show
View Real Time Build Order
Export as new Build Order

Silky Zerg 

Build Orders: Hatch First, Muta Ling Bane 

Get SALT Encoding   

  12  0:00  Drone  
  13  0:12  Overlord  
  13  0:17  Drone  
  14  0:30  Drone x2  
  16  0:47  Hatchery  
  15  0:50  Drone  
  15  0:54  Drone  
  17  0:57  Drone  
  18  1:07  Extractor  
  17  1:13  Spawning Pool  
  17  1:15  Drone  
  17  1:18  Drone  
  18  1:27  Drone  
  19  1:38  Drone  
  20  1:48  Overlord  
  20  1:59  Queen  
  20  2:00  Zergling x4, Queen  
  26  2:08  Metabolic Boost  
  26  2:10  Drone x2  
  28  2:21  Drone x2  
  30  2:32  Hatchery  
  29  2:39  Drone x2  
  31  2:45  Queen  
  31  2:49  Overlord  
  33  2:52  Drone  
  33  2:55  Drone  
  36  2:58  Drone  
  35  3:09  Overlord, Drone x2  
  35  3:11  Drone x3  
  40  3:16  Overlord  
  40  3:18  Drone  
  41  3:20  Drone  
  41  3:21  Drone  
  43  3:29  Queen  
  43  3:30  Spore Crawler  
  44  3:34  Drone  
  44  3:35  Drone  
  46  3:41  Drone  
  46  3:44  Queen  
  46  3:45  Spore Crawler  
  48  3:52  Roach Warren, Drone x2  
  50  4:02  Drone  
  50  4:03  Drone x4  
  50  4:05  Queen  
  50  4:09  Spore Crawler  
  55  4:10  Zergling x4  
  55  4:15  Lair  
  57  4:17  Zergling x2  
  57  4:20  Zergling x4  
  61  4:24  Zergling x6  
  61  4:26  Zergling x2  
  61  4:31  Extractor  
  61  4:49  Roach x2  
  61  4:51  Overlord x3  
  65  4:57  Overlord  
  65  5:13  Roach x3  
  68  5:14  Drone x2  
  68  5:15  Drone x6  
  72  5:21  Overlord  
  72  5:23  Drone  
  72  5:24  Drone x3  
  75  5:30  Drone x3  
  75  5:31  Drone  
  78  5:35  Extractor x2  
  78  5:40  Spire, Drone x2  
  77  5:43  Drone  
  77  5:47  Drone, Extractor x2  
  77  5:52  Drone x5, Overseer  
  77  5:57  Drone x4  
  84  6:03  Glial Reconstitution  
  86  6:05  Hatchery  
  85  6:13  Drone x4  
  85  6:18  Roach x3  
  95  6:20  Overlord  
  95  6:28  Overlord  
  95  6:31  Roach x5  
  105  6:36  Evolution Chamber  
  104  6:40  Overlord  
  104  6:46  Overlord  
  104  6:56  Overlord x2  
  104  6:59  Mutalisk x4  
  112  7:03  Mutalisk  
  112  7:04  Spore Crawler  
  112  7:06  Roach x3  
  120  7:11  Roach  
  120  7:12  Overlord x2  
  119  7:16  Ravager x3  
  119  7:18  Roach x2  
  127  7:22  Zergling x2  
  127  7:23  Zergling x10  
  132  7:30  Roach  
  132  7:31  Roach x6  
  146  7:38  Roach x3  
  146  7:40  Roach  
  154  7:46  Roach x2  
  154  7:49  Ravager  
  154  7:51  Overlord  
  158  7:52  Overlord x2, Zergling x2  
  159  8:00  Zerg Melee Weapons Level 1  
  159  8:01  Baneling Nest  
  159  8:03  Evolution Chamber  
  159  8:04  Drone  
  159  8:05  Drone  
  159  8:07  Overlord  
  159  8:08  Overlord  
  159  8:16  Drone x10  
  169  8:24  Overlord  
  165  8:27  Mutalisk  
  165  8:28  Mutalisk x4  
  165  8:30  Overlord  
  165  8:32  Drone  
  165  8:33  Drone x3  
  179  8:40  Overseer  
  179  8:41  Mutalisk x2  
  176  8:48  Mutalisk  
  178  8:53  Extractor x2, Zergling x10  
  183  8:56  Mutalisk  
  183  9:00  Hatchery  
  184  9:03  Roach x4  
  192  9:11  Mutalisk  
  181  9:24  Mutalisk  
  181  9:25  Mutalisk  
  181  9:27  Overlord  
  181  9:30  Zergling x34  
  197  9:33  Overlord  
  197  9:37  Infestation Pit  
  197  9:38  Roach x3  
  200  9:42  Overlord  
  197  9:49  Roach x7  
  197  9:50  Overlord  
  199  9:54  Centrifical Hooks  
  199  9:56  Overlord  
  199  9:59  Baneling  
  199  10:00  Baneling x3  
  195  10:08  Zergling x8  
  195  10:10  Baneling  
  199  10:16  Hive  
  199  10:29  Overlord  
  199  10:33  Zergling x4  
  199  10:35  Zerg Ground Armor Level 1, Zerg Melee Weapons Level 2  
  194  10:46  Zergling x2  
  194  10:47  Zergling x8  
  199  10:54  Zergling x2  
  199  10:55  Zergling x2  
  197  11:04  Baneling x2  
  197  11:05  Baneling x4  
  197  11:09  Baneling x17  
  197  11:10  Baneling x12  
  195  11:30  Adrenal Glands, Greater Spire  
  195  11:32  Baneling x6  
  195  11:37  Spine Crawler  
  195  11:39  Hatchery, Spine Crawler x2  
  191  11:41  Spine Crawler  
  191  11:45  Zergling x20  
  198  11:52  Ravager x4  
  198  11:53  Ravager  
  193  11:54  Zergling x12  
  193  11:55  Zergling x6  
  197  12:05  Zergling x6  
  197  12:12  Zergling x2, Roach  
  197  12:13  Roach x5  
  160  12:23  Zergling x2  
  160  12:24  Roach x16  
  150  12:35  Zergling x12  
  130  12:46  Zergling x10  
  130  12:50  Overseer  
  130  12:51  Overseer  
  130  12:53  Ravager x2  
  130  12:54  Ravager  
  130  12:56  Drone  
  129  13:07  Drone x6  
  130  13:13  Drone x4  
  131  13:20  Drone x2  
  131  13:21  Drone x2  
  135  13:28  Drone x3  
  135  13:29  Drone  
  135  13:31  Ravager x3  
  142  13:39  Infestor x2  
  142  13:41  Zergling x8  
  144  13:42  Baneling  
  144  13:43  Baneling x2  
  144  13:44  Ravager x2  
  144  13:45  Ravager  
  150  13:52  Hydralisk Den  
  145  13:58  Corruptor x3  
  145  14:01  Drone x3  
  152  14:07  Corruptor  
  153  14:14  Queen  
  153  14:15  Drone x2  
  153  14:16  Drone  
  153  14:17  Drone  
  159  14:21  Corruptor x2  
  159  14:27  Lurker Den  
  159  14:29  Brood Lord  
  159  14:30  Brood Lord  
  162  14:38  Drone x6  
  163  14:39  Extractor  
  163  14:40  Extractor  
  163  14:42  Brood Lord  
  163  14:47  Baneling x2  
  163  14:48  Baneling  
  163  14:50  Brood Lord  
  165  14:55  Brood Lord  
  165  14:58  Zergling x12  
  173  15:05  Queen  
  173  15:08  Drone x2  
  173  15:10  Brood Lord  
  177  15:15  Corruptor x2  
  181  15:29  Zerg Melee Weapons Level 3  
  178  15:36  Corruptor x3  
  184  15:43  Zerg Flyer Weapons Level 1, Hydralisk x3  
  190  15:51  Baneling x2  
  190  15:52  Brood Lord  
  188  15:57  Drone x2  
  188  15:58  Drone x2  
  188  16:00  Spine Crawler  
  188  16:01  Spine Crawler  
  188  16:02  Brood Lord, Spore Crawler  
  188  16:03  Hydralisk  
  188  16:04  Hydralisk  
  183  16:10  Lurker  
  180  16:19  Brood Lord x2  
  180  16:21  Brood Lord  
  164  16:33  Drone x12  
  162  16:49  Drone x3  
  162  16:50  Drone x5  
  162  16:54  Roach  
  152  17:02  Infestor x2  
  152  17:07  Drone x3  
  152  17:12  Lurker  
  151  17:24  Infestor x2  
  151  17:25  Infestor  
  149  17:31  Zergling x2  
  149  17:32  Roach x4  
  156  17:43  Roach x3  
  159  17:49  Infestor x2  
  143  17:56  Roach x2  
  142  18:05  Hatchery  
  134  18:08  Roach  
  130  18:18  Roach x4  
  138  18:25  Lair  
  130  18:35  Drone x2  
  130  18:37  Drone  
  131  18:52  Drone x5  
  134  18:59  Corruptor  
  136  19:13  Roach x3  
  142  19:28  Corruptor  
  142  19:29  Corruptor x2  
  148  19:35  Infestation Pit  
  147  19:55  Hatchery  
  144  20:08  Hatchery  
  144  20:09  Drone x2  
  144  20:15  Drone  
  144  20:17  Infestor x4  
  153  20:29  Brood Lord x2  
  155  20:39  Infestor x3  
  155  20:41  Drone  
  162  20:47  Infestor  
  162  20:49  Extractor  
  163  20:52  Extractor  
  162  21:00  Infestor  
  164  21:10  Corruptor  
  166  21:19  Spawning Pool  
  164  21:28  Roach x9  
  182  21:33  Corruptor  
  184  21:44  Neural Parasite  
  182  21:50  Drone x5  
  182  21:51  Drone x4  
  182  21:53  Extractor  
  188  21:54  Extractor  
  187  22:07  Infestor x2  
  191  22:13  Spore Crawler x2  
  191  22:14  Spore Crawler x2  
  187  22:16  Drone x2  
  187  22:18  Infestor  
  187  22:22  Zergling x16  
  199  22:23  Zergling x2  
  200  22:35  Hive  
  198  22:43  Drone x2  
  200  22:45  Spore Crawler  
  200  22:46  Spore Crawler  
  198  22:52  Overseer  
  198  22:53  Infestor  
  200  22:59  Overseer x2  
  200  23:00  Overseer  
  200  23:03  Pathogen Glands  
  198  23:29  Spore Crawler x3  
  198  23:30  Spore Crawler x2  
  193  23:37  Infestor x3  
  199  23:44  Drone  
  199  23:46  Spore Crawler x2  
  198  23:48  Spore Crawler  
  198  23:49  Spore Crawler  
  198  23:55  Overseer x3  
  196  23:58  Drone x3  
  196  24:01  Spine Crawler  
  196  24:02  Spine Crawler  
  197  24:15  Burrow  
  197  24:16  Spore Crawler, Drone x3  
  198  24:20  Hatchery, Queen  
  198  24:21  Spore Crawler  
  198  24:22  Spore Crawler  
  198  24:23  Queen  
  198  24:25  Drone, Spine Crawler  
  198  24:26  Infestor  
  200  24:33  Spine Crawler  
  199  24:38  Drone  
  199  24:41  Infestor  
  199  24:45  Drone  
  197  24:46  Spine Crawler x2  
  197  24:47  Drone x3, Spine Crawler  
  197  24:48  Drone x3  
  196  25:04  Pneumatized Carapace  
  192  25:15  Drone x4  
  192  25:18  Drone x2  
  192  25:19  Drone, Spine Crawler  
  192  25:20  Spine Crawler  
  197  25:21  Spore Crawler, Spine Crawler  
  197  25:22  Spore Crawler  
  197  25:24  Hatchery  
  193  25:30  Zergling x14  
  193  25:31  Zerg Flyer Weapons Level 2  
  194  25:43  Drone x5  
  194  25:44  Drone  
  200  25:52  Infestor x12  
  199  26:01  Infestor x3  
  141  26:37  Infestor x11  
  163  26:46  Drone x3  
  164  26:48  Queen x2  
  166  27:00  Zerg Ground Armor Level 2  
  163  27:03  Zerg Missile Weapons Level 1  
  163  27:04  Corruptor  
  163  27:05  Corruptor  
  163  27:13  Zergling x26  
  174  27:36  Infestor x3  
  179  27:46  Hatchery  
  179  27:51  Overlord x3  
  178  27:59  Zerg Flyer Weapons Level 3  
  179  28:12  Drone  
  179  28:13  Drone x5  
  184  28:24  Extractor  
  184  28:25  Extractor  
  182  28:28  Drone x4  
  186  28:45  Drone x6  
  187  28:53  Viper  
  188  29:19  Spore Crawler x2, Viper  
  188  29:20  Corruptor x2, Spore Crawler  
  185  29:29  Corruptor x2  
  173  30:17  Corruptor x4  
  173  30:18  Hatchery  
  180  30:24  Zergling x8  
  180  30:48  Spore Crawler x2  
  180  30:49  Spore Crawler x2  
  173  30:50  Spore Crawler  
  173  30:51  Spore Crawler  
  158  31:13  Corruptor x4  
  165  31:20  Spore Crawler  
  165  31:21  Overseer  
  164  31:26  Zergling x2  
  164  31:27  Zergling x8  
  168  31:44  Zergling x16  
  175  31:53  Viper  
  169  31:58  Spore Crawler x2  
  165  32:05  Zergling x2  
  165  32:06  Zergling x8  
  166  32:26  Roach x5  
  164  32:46  Drone x4  
  164  32:51  Infestor x2  
  160  33:37  Corruptor x2  
  160  33:38  Corruptor  
  164  34:06  Spawning Pool  
  161  34:27  Overlord x5  
  153  34:54  Lair  
  153  35:06  Overlord x3  
  141  35:23  Overseer  
  141  35:26  Zergling x2  
  141  35:27  Zergling x4  
  144  35:29  Zergling x2  
  145  35:54  Overlord x2  
  145  35:56  Extractor  
  144  35:57  Spore Crawler  
  144  36:00  Hatchery  
  142  36:07  Overlord  
  142  36:15  Overseer  
  142  36:16  Overseer  
Show
View Real Time Build Order
Export as new Build Order

ShaDoWn Protoss - Winner!

Build Orders: 1 Gate Expand, Archon Immortal, Archon Drop, Dark Templar Rush 

Get SALT Encoding   

  12  0:00  Probe  
  13  0:12  Probe  
  14  0:20  Pylon  
  14  0:24  Probe  
  15  0:31  Assimilator  
  15  0:36  Probe  
  16  0:43  Gateway  
  16  0:44  Probe  
  17  0:53  Probe  
  18  1:05  Probe  
  19  1:17  Probe  
  20  1:23  Nexus  
  20  1:32  Cybernetics Core  
  20  1:35  Probe  
  20  1:39  Assimilator  
  22  1:47  Probe  
  22  1:49  Pylon  
  22  1:58  Adept  
  22  1:59  Probe  
  25  2:11  Probe  
  26  2:23  Probe  
  26  2:25  Warp Gate, Twilight Council  
  26  2:27  Stalker  
  29  2:31  Probe  
  29  2:32  Probe  
  31  2:39  Probe  
  31  2:40  Probe  
  33  2:47  Robotics Facility  
  33  2:49  Probe  
  33  2:52  Probe  
  35  3:01  Probe  
  35  3:04  Probe  
  37  3:08  Dark Shrine  
  37  3:14  Gateway, Probe  
  37  3:17  Probe  
  39  3:24  Warp Prism, Gateway  
  40  3:29  Probe  
  41  3:38  Probe  
  43  3:41  Pylon  
  43  3:43  Probe  
  43  3:45  Assimilator  
  44  3:48  Assimilator  
  44  3:50  Probe  
  45  3:56  Pylon, Probe  
  45  3:58  Probe  
  47  4:06  Observer  
  47  4:07  Probe  
  47  4:08  Probe  
  49  4:16  Probe  
  50  4:20  Probe  
  50  4:23  Dark Templar x3  
  58  4:29  Probe  
  59  4:33  Probe  
  59  4:34  Pylon  
  60  4:42  Immortal  
  62  4:49  Nexus  
  62  4:54  Probe  
  62  4:55  Shield Battery  
  63  5:00  Dark Templar  
  63  5:01  Dark Templar  
  63  5:06  Probe  
  68  5:10  Pylon  
  68  5:13  Probe  
  67  5:18  Immortal, Probe  
  68  5:22  Forge  
  68  5:24  Sentry  
  74  5:35  Protoss Ground Weapons Level 1  
  74  5:37  Gateway x2  
  74  5:39  Gateway  
  74  5:42  Gateway  
  74  5:46  Archon  
  74  5:48  Pylon  
  74  5:56  Probe  
  74  5:57  Probe, Charge  
  75  5:58  Immortal  
  75  6:00  Probe  
  77  6:08  Probe  
  77  6:09  Probe  
  83  6:11  Dark Templar  
  83  6:16  Archon  
  83  6:17  Probe  
  86  6:18  Sentry x2  
  86  6:20  Probe  
  86  6:22  Pylon  
  91  6:29  Gateway  
  91  6:31  Assimilator  
  91  6:33  Assimilator  
  91  6:36  Probe x2  
  91  6:37  Zealot x3  
  99  6:40  Zealot  
  99  6:44  Zealot x2  
  99  6:47  Pylon  
  105  6:55  Pylon  
  105  7:01  Zealot x2  
  105  7:06  Pylon  
  109  7:09  Probe  
  109  7:10  Zealot x3  
  116  7:16  Zealot x2  
  116  7:18  Pylon  
  116  7:19  Pylon  
  120  7:24  Templar Archives, Zealot x2  
  120  7:27  Zealot  
  126  7:30  Warp Prism  
  122  7:37  Probe  
  122  7:38  Photon Cannon  
  122  7:40  Photon Cannon  
  122  7:42  Shield Battery, Protoss Ground Weapons Level 2  
  122  7:43  Probe  
  124  7:49  Probe  
  123  7:54  Probe  
  123  7:56  Dark Templar  
  126  7:59  Dark Templar  
  126  8:05  Nexus  
  128  8:10  Stalker x3  
  128  8:11  Stalker  
  134  8:17  Stalker  
  134  8:19  Probe x2  
  136  8:25  Probe  
  137  8:32  Psionic Storm, Probe x2  
  139  8:35  Photon Cannon  
  139  8:38  High Templar x3  
  139  8:39  High Templar  
  139  8:40  Zealot  
  147  8:42  Pylon  
  147  8:47  Probe  
  148  8:52  Probe  
  148  8:53  Pylon  
  149  8:57  Pylon  
  149  9:00  Probe x2  
  151  9:07  Probe  
  151  9:08  Immortal  
  152  9:12  Probe  
  157  9:18  Stalker  
  157  9:21  Archon  
  157  9:22  Archon  
  157  9:24  High Templar x4  
  165  9:26  Stalker x3  
  166  9:43  Blink  
  166  9:44  Zealot  
  166  9:46  Probe  
  161  9:53  Probe  
  161  9:56  Stalker x6  
  161  9:57  Stalker  
  176  10:03  Probe x3  
  176  10:05  Photon Cannon, Probe  
  176  10:07  Photon Cannon  
  176  10:08  Protoss Ground Weapons Level 3  
  175  10:15  Probe  
  175  10:17  Probe  
  175  10:19  High Templar x2  
  175  10:20  Photon Cannon  
  179  10:21  Photon Cannon  
  179  10:24  Pylon x2  
  177  10:35  Probe x2  
  179  10:38  Assimilator  
  179  10:40  Pylon  
  179  10:46  Shield Battery  
  179  10:51  Assimilator  
  179  10:54  Stalker x6  
  181  10:57  Probe x2  
  181  10:58  Probe x2  
  185  11:09  Probe  
  186  11:12  Probe  
  186  11:14  High Templar x2  
  189  11:23  Archon  
  189  11:25  Photon Cannon  
  189  11:29  Shield Battery  
  189  11:30  High Templar x2  
  193  11:35  Photon Cannon  
  193  11:38  Archon  
  193  11:47  Warp Prism  
  177  11:55  High Templar x2  
  177  11:56  Zealot x4  
  191  12:12  Stalker x2  
  191  12:14  Probe  
  191  12:15  Probe  
  148  12:27  Stalker x6  
  112  12:40  Immortal  
  112  12:41  Archon  
  104  12:48  Zealot x2  
  112  12:54  Stalker x6  
  118  13:14  Probe x4  
  118  13:15  Zealot x2  
  124  13:20  Immortal  
  124  13:21  High Templar x4  
  124  13:26  Probe x4  
  140  13:38  Probe x4  
  140  13:40  Protoss Shields Level 1  
  144  13:44  High Templar x2  
  144  13:45  Zealot x2  
  144  13:48  Immortal  
  152  13:50  Probe  
  152  13:51  Probe  
  154  13:56  Robotics Facility  
  154  14:02  Probe  
  159  14:12  High Templar  
  161  14:19  Pylon  
  161  14:22  Immortal  
  159  14:27  Nexus  
  159  14:31  Pylon  
  163  14:32  Zealot x5, High Templar x2  
  163  14:37  Archon  
  177  14:38  Pylon  
  177  14:50  Warp Prism  
  177  14:52  Gateway x2  
  177  14:56  High Templar x4  
  177  14:57  Zealot x2  
  180  15:12  High Templar x2  
  183  15:16  Archon  
  183  15:20  Assimilator  
  183  15:24  High Templar x2  
  187  15:30  Archon x2  
  185  15:39  Archon  
  185  15:40  Stalker x2  
  185  15:41  Stalker x2  
  185  15:50  Dark Templar  
  185  15:51  Dark Templar  
  185  15:52  Zealot x2  
  193  16:18  Zealot x3  
  199  16:21  Observer  
  198  16:29  Dark Templar  
  190  16:32  Zealot x5  
  190  16:39  Stargate  
  200  16:42  Assimilator  
  192  16:56  Photon Cannon  
  192  16:58  Photon Cannon  
  192  16:59  Probe  
  192  17:00  Photon Cannon  
  191  17:02  Shield Battery  
  191  17:03  Protoss Air Weapons Level 1  
  191  17:05  Pylon  
  191  17:07  Probe  
  184  17:12  Probe x4  
  186  17:16  Zealot x5  
  186  17:19  Zealot, Probe  
  197  17:24  Probe, Zealot  
  194  17:41  Zealot x3  
  194  17:43  Zealot  
  198  17:52  Zealot  
  200  18:02  Protoss Shields Level 2, Probe  
  197  18:08  Fleet Beacon  
  197  18:12  Stargate  
  187  18:16  Dark Templar x4  
  189  18:42  Probe  
  189  18:43  Probe x2  
  189  18:44  Probe x2  
  182  18:54  Carrier, Probe  
  182  18:55  Probe x2  
  171  18:57  Carrier, Protoss Air Weapons Level 2  
  174  19:04  Nexus  
  174  19:06  Pylon  
  181  19:21  Probe x2  
  183  19:26  Probe  
  183  19:28  Dark Templar  
  183  19:29  Dark Templar x2  
  190  19:38  Photon Cannon  
  190  19:39  Shield Battery  
  190  19:41  Photon Cannon, Pylon  
  168  19:58  Stargate  
  168  19:59  Stargate  
  168  20:00  Assimilator  
  168  20:01  Observer, Carrier, Assimilator  
  168  20:04  Carrier  
  168  20:06  Mothership  
  173  20:14  Observer  
  186  20:33  Carrier  
  184  20:38  Oracle  
  185  21:04  Nexus  
  185  21:06  Carrier  
  185  21:08  Pylon, Carrier  
  185  21:10  Pylon  
  197  21:13  Protoss Air Weapons Level 3  
  197  21:14  Assimilator  
  197  21:16  Cybernetics Core  
  197  21:18  Assimilator  
  197  21:27  Dark Templar  
  197  21:41  Photon Cannon  
  197  21:42  Photon Cannon, Carrier  
  197  21:45  Photon Cannon  
  197  21:47  Protoss Shields Level 3, Shield Battery  
  196  21:53  Zealot x3  
  200  21:56  Carrier  
  194  22:01  Photon Cannon  
  194  22:03  Pylon  
  194  22:04  Protoss Air Armor Level 1  
  200  22:35  Robotics Facility  
  200  22:36  Robotics Bay  
  192  23:02  Nexus  
  192  23:03  Pylon  
  192  23:18  Zealot x2, Dark Templar x2  
  199  23:27  Photon Cannon  
  199  23:29  Photon Cannon  
  199  23:31  Photon Cannon  
  191  23:36  Carrier  
  196  23:41  Photon Cannon  
  196  23:46  Assimilator  
  196  23:50  Assimilator  
  196  23:52  Disruptor, Gravitic Drive  
  199  23:58  Resonating Glaives  
  199  24:07  Disruptor  
  196  24:18  Protoss Air Armor Level 2  
  196  24:40  Carrier  
  200  24:50  Carrier  
  200  24:51  Disruptor x2  
  198  25:10  Adept  
  200  25:17  Adept  
  200  25:18  Protoss Ground Armor Level 1, Nexus  
  200  25:20  Pylon  
  200  25:25  Pylon  
  200  25:32  Gateway  
  200  25:34  Gateway  
  200  25:38  Gateway  
  200  25:42  Gateway  
  200  25:46  Gateway  
  200  25:47  Photon Cannon  
  200  25:49  Photon Cannon, Gateway  
  200  25:51  Shield Battery, Gateway  
  200  25:54  Gateway  
  200  26:06  Gateway  
  200  26:08  Gateway  
  198  26:12  Oracle, Gateway  
  198  26:13  Gateway  
  198  26:16  Photon Cannon x2  
  191  26:20  Assimilator  
  191  26:21  Assimilator  
  191  26:24  Mothership, Carrier x2  
  191  26:25  Carrier  
  196  26:30  Disruptor  
  196  26:32  Disruptor  
  191  26:45  High Templar x4  
  199  26:57  Pylon  
  199  26:59  Observer  
  198  27:09  Dark Templar  
  198  27:20  Adept  
  200  27:23  Protoss Ground Armor Level 2  
  192  27:48  Observer  
  193  27:56  Adept x3  
  198  27:59  Pylon  
  198  28:05  Disruptor  
  198  28:11  Pylon  
  197  28:15  Pylon  
  200  28:23  Photon Cannon  
  200  28:25  Photon Cannon  
  200  28:27  Shield Battery  
  200  28:30  Protoss Air Armor Level 3  
  195  28:44  Oracle  
  198  28:50  Oracle  
  195  29:06  Adept x2  
  199  29:29  Nexus  
  199  29:30  Pylon  
  198  29:32  Nexus  
  198  29:34  Pylon  
  198  29:35  Dark Templar  
  192  29:48  Disruptor x2  
  192  29:51  Pylon  
  194  29:53  Adept x3  
  194  29:54  Protoss Ground Armor Level 3  
  194  29:55  Photon Cannon  
  194  29:56  Photon Cannon  
  200  30:01  Shield Battery  
  200  30:07  Pylon  
  200  30:08  Photon Cannon  
  200  30:10  Assimilator  
  200  30:12  Photon Cannon  
  200  30:13  Photon Cannon  
  200  30:14  Photon Cannon x2, Assimilator  
  194  30:16  Shield Battery  
  194  30:34  Adept x3  
  200  30:45  Adept x3  
  200  30:55  Pylon  
  200  31:10  Adept x4  
  195  31:15  Carrier  
  199  31:53  High Templar x2  
  191  32:10  Pylon  
  191  32:17  Archon  
  191  32:20  Adept x6  
  197  32:30  Pylon  
  193  32:44  Dark Templar x3  
  197  32:55  High Templar x3  
  197  32:57  Observer  
  192  33:47  Zealot x4  
  200  33:55  Shield Battery, Photon Cannon  
  200  34:07  Warp Prism  
  200  34:34  Assimilator  
  200  34:36  Assimilator  
  194  34:52  Adept  
  194  34:53  Adept x2  
  200  35:04  Mothership  
  196  35:27  Adept x4  
  200  35:38  Nexus  
  196  35:53  Pylon  
  196  35:56  Disruptor  
  197  35:57  Pylon  
  197  36:05  Pylon  
  197  36:09  Oracle  
  200  36:20  Photon Cannon  
  200  36:23  Photon Cannon  
  200  36:25  Photon Cannon  
  200  36:30  Shield Battery  
Tags
 
Add a new tag
Caveats
  • Supply blocks, unpowered buildings, or Contaminate may cause inaccurate times.
  • Supply counts are checked every 10 seconds.